 Dungeon Crawl Stone Soup version 0.31.0-11-ge490571c62 (webtiles) character file.

Game seed: 7100580420367907992

12487 Gadfly the Martial Artist (level 11, 0/84 HPs)
             Began as a Demonspawn Monk on Jan 28, 2024.
             Was a Believer of Ru.
             Slain by Amaemon
             ... wielding a -1 demon whip of venom
              (5 damage)
             ... on level 1 of the Lair of Beasts.
             The game lasted 00:23:30 (14515 turns).

Gadfly the Martial Artist (Demonspawn Monk)        Turns: 14515, Time: 00:23:31

Health: 0/84       AC: 13    Str: 25    XL:     11   Next: 63%
Magic:  11/11      EV: 15    Int:  9    God:    Ru [**....]
Gold:   504        SH:  0    Dex: 16    Spells: 8/10 levels left

rFire   + .          .
                       - Unarmed
rCold   . . .        c - orb {light}
rNeg    . . .        i - +2 leather armour {rF+}
rPois   .            (helmet unavailable)
rElec   .            l - +0 cloak
rCorr   .            (no gloves)
SInv    .            k - +0 pair of boots
Will    .....        (no amulet) Stlth
                     s - +6 ring of strength
HPRegen 0.34/turn    y - +4 ring of protection
MPRegen 0.12/turn

%: no passive effects
@: lethally poisoned (0 -> -28), glowing
A: horns 3, icy blue scales 1, demonic guardian 1, powered by death 2, no
stealth, no earth magic, no hexes magic, no translocations magic, mutation
resistance 1, strong 1
a: Renounce Religion


You were on level 1 of the Lair of Beasts.
You worshipped Ru.
Ru was pleased with you.
You visited 3 branches of the dungeon, and saw 13 of its levels.

You collected 710 gold pieces.
You spent 206 gold pieces at shops.

Inventory:

Hand Weapons
 b - a +4 mace of protection
 F - a +2 glaive of flaming
Armour
 a - a +1 robe
 c - an orb of light (worn)
 i - a +2 leather armour of fire resistance (worn)
 k - a +0 pair of boots (worn)
 l - a +0 cloak (worn)
 v - a +2 leather armour of positive energy
Jewellery
 s - a +6 ring of strength (left hand)
 y - a +4 ring of protection (right hand)
 C - the ring of Lies {rElec Dex+6}
   (You found it on level 7 of the Dungeon)

   [ring of dexterity]

   Dex+6:     It affects your dexterity (+6).
   rElec:     It insulates you from electricity.
 G - a ring of fire
Talismans
 m - a serpent talisman
 o - a maw talisman
 p - a blade talisman
Wands
 u - a wand of mindburst (4) (quivered)
 x - a wand of paralysis (7)
 E - a wand of iceblast (12)
Scrolls
 j - 2 scrolls of enchant armour
 n - 3 scrolls of identify
 q - 3 scrolls of teleportation
 t - a scroll of fear
 w - 2 scrolls of silence
 A - 2 scrolls of butterflies
Potions
 d - 2 potions of enlightenment
 e - 3 potions of curing
 f - 2 potions of ambrosia
 g - 3 potions of attraction
 h - a potion of mutation
 r - 2 potions of cancellation
 z - a potion of heal wounds
 B - 2 potions of lignification
 D - a potion of might


   Skills:
 + Level 7.5 Fighting
 + Level 7.2 Dodging
 * Level 9.4 Unarmed Combat
 + Level 7.4 Evocations
 * Level 8.5 Shapeshifting


You had 8 spell levels left.
You knew the following spells:

 Your Spells              Type           Power      Damage    Failure   Level
a - Blink                 Tloc           0%         N/A       56%         2

Your spell library contained the following spells:

 Spells                   Type           Power      Damage    Failure   Level
 Vampiric Draining        Necr           0%         2d6       80%         3
 Slow                     Hex            Unusable   N/A       N/A         1
 Lesser Beckoning         Tloc           Unusable   N/A       N/A         2
 Momentum Strike          Conj/Tloc      Unusable   3d8       N/A         2
 Confusing Touch          Hex            Unusable   N/A       N/A         3
 Sigil of Binding         Hex            Unusable   N/A       N/A         3
 Tukima's Dance           Hex            Unusable   N/A       N/A         3
 Passage of Golubria      Tloc           Unusable   N/A       N/A         4
 Yara's Violent Unravell  Hex/Alch       Unusable   3d3       N/A         5

Dungeon Overview and Level Annotations

Branches:
Dungeon (11/15)            Temple (1/1) D:5            Lair (1/5) D:10
    Orc (0/2) D:11

Altars:
Ashenzari
Cheibriados
Dithmenos
Fedhas
Gozag
Hepliaklqana
Kikubaaqudgha
Makhleb
Nemelex Xobeh
Okawaru
Qazlal
Ru
Sif Muna
Trog
Uskayaw
Vehumet
Wu Jian
Xom
Yredelemnul

Shops:
D:6 *(*   D:11 *

Annotations:
Lair:1 Amaemon


Innate Abilities, Weirdness & Mutations

You have a pair of large horns on your head.
You are partially covered in icy blue scales. (AC +2)
A weak demonic guardian rushes to your aid.
You regenerate health from kills.
You cannot be stealthy.
You cannot study or cast Earth magic.
You cannot study or cast Hexes magic.
You cannot study or cast Translocations magic.
You are somewhat resistant to further mutation.
Your muscles are strong. (Str +4, Int/Dex -1)


Message History

Your +6 ring of strength melds into your body.
Your +4 ring of protection melds into your body.
You feel less resistant to fire.
You feel weaker.
Aiming: Paralyse
Press: ? - help, Shift-Dir - straight line, f/p - Amaemon
Aim: Amaemon, wielding a -1 demon whip of venom and carrying a wand of polymorph (heavily wounded, chance to affect: 32%) Amaemon easily resists.
You feel very sick. The orange demon misses you. Amaemon misses you.
Amaemon claws you!
* * * LOW HITPOINT WARNING * * *
Amaemon tail-slaps you.
* * * LOW HITPOINT WARNING * * *
You are more poisoned.
Amaemon poisons you!
You feel very sick.
The orange demon attacks as it pursues you!
The orange demon splashes around in the water.
Amaemon attacks as he pursues you! Amaemon barely misses you.
Amaemon completely misses you. Amaemon tail-slaps you!
* * * LOW HITPOINT WARNING * * *
A demonic guardian appears!
You are more poisoned.
Amaemon poisons you!
Your magical effects are unravelling.
You feel magically purged.
You feel less porcine.
Your +0 cloak unmelds from your body.
Your +0 pair of boots unmelds from your body.
Your orb of light unmelds from your body.
Your +2 leather armour of fire resistance unmelds from your body.
Your +6 ring of strength unmelds from your body.
Your +4 ring of protection unmelds from your body.
You feel resistant to fire.
You feel stronger.
* * * LOW HITPOINT WARNING * * *
You feel extremely sick.
Your rust devil barely misses the orange demon.
Amaemon hits you with a -1 demon whip of venom.
You die...

#####.....##.........#
####P.#..######...#(..[.##
######........## #...#......#
#......#.......# #...#....##.
###....#.#.......## ###.#####....
.##...###.........# #....#.###...
.#..#####.P.....### ##...#.......
...#####..~P~~..#####.........P..
...##.....~~~~PP@6##......#...##.
....#....~~~~~♣~~4.....####...##.
#.......P~~♣♣♣♣♣P~4#...# ######.
#.......P~♣♣ ♣~~.##...# ##...#.
##.......~~♣♣♣♣~~.#....# #....#.
.###....P.~♣~P~~~P...### ###.....
...#..#..~~.~P~...#..#####.......
##...#.#....P.P...#...##.........
###........#..~...##.###........#


You could see Amaemon, an orange demon (curare, ally target) and a friendly rust
devil (summoned).

Vanquished Creatures
  Gastronok (Lair:1)
  A two-headed ogre (D:11)
  A boulder beetle (D:11)
  Nergalle (D:10)
  Pikel (D:6)
  A manticore (D:11)
  Maggie (Lair:1)
  A rime drake (D:10)
  A cane toad (Lair:1)
  A komodo dragon (Lair:1)
  A troll (D:10)
  A hornet (D:7)
  Grinder (D:5)
  A polar bear (D:10)
  A shadow (D:11)
  A warg (D:11)
  2 wyverns
  2 steam dragons (D:9)
  Menkaure (D:4)
  An acid dragon (D:7)
  3 water moccasins (Lair:1)
  2 black bears
  3 ice beasts
  3 orc warriors
  3 wolves
  3 ogres
  6 centaurs
  2 phantoms
  2 kobold brigands
  6 bullfrogs
  4 scorpions
  22 killer bees
  3 electric eels (Lair:1)
  7 howler monkeys
  2 hounds
  14 orc priests
  A bombardier beetle (D:4)
  2 jellies
  4 iguanas
  A sleepcap (D:5)
  14 orc wizards
  6 adders
  23 gnolls
  A white imp (D:6)
  2 dart slugs
  2 ribbon worms
  54 orcs
  5 bats
  8 endoplasms
  2 giant cockroaches (D:1)
  9 goblins
  16 hobgoblins
  3 jackals (D:4)
  17 kobolds
  6 quokkas
  9 ball pythons
  5 frilled lizards
  11 rats
308 creatures vanquished.

Vanquished Creatures (collateral kills)
  A komodo dragon (Lair:1)
  An orc priest (D:10)
  2 orcs (D:10)
4 creatures vanquished.

Vanquished Creatures (others)
  A wyvern (Lair:1)
1 creature vanquished.

Grand Total: 313 creatures vanquished

Notes
Turn   | Place    | Note
-------+----------+-------------------------------------------
     0 | D:1      | Gadfly the Demonspawn Monk began the quest for the Orb.
     0 | D:1      | Reached XP level 1. HP: 18/18 MP: 1/1
   108 | D:1      | Gained mutation: You regenerate a little health from kills.
                  | [demonic ancestry]
   108 | D:1      | Reached XP level 2. HP: 19/24 MP: 2/2
   250 | D:1      | Reached skill level 1 in Evocations
   273 | D:1      | Reached skill level 1 in Shapeshifting
   479 | D:1      | Gained mutation: You have a pair of small horns on your
                  | head. [demonic ancestry]
   479 | D:1      | Reached XP level 3. HP: 23/29 MP: 3/3
  1147 | D:1      | Reached skill level 3 in Unarmed Combat
  1475 | D:2      | Reached XP level 4. HP: 30/35 MP: 4/4
  2096 | D:2      | Gained mutation: You are somewhat resistant to further
                  | mutation. [potion of mutation]
  2096 | D:2      | Gained mutation: Your muscles are strong. (Str +4, Int/Dex
                  | -1) [potion of mutation]
  2422 | D:3      | Gained mutation: You regenerate health from kills. [demonic
                  | ancestry]
  2422 | D:3      | Reached XP level 5. HP: 29/41 MP: 5/5
  2714 | D:3      | Reached XP level 6. HP: 47/47 MP: 6/6
  2735 | D:3      | Learned a level 2 spell: Blink
  3386 | D:4      | Found an iron altar of Okawaru.
  3467 | D:4      | Reached skill level 4 in Unarmed Combat
  3467 | D:4      | Gained mutation: You have a pair of horns on your head.
                  | [demonic ancestry]
  3467 | D:4      | Reached XP level 7. HP: 52/52 MP: 7/7
  3762 | D:4      | Found a shimmering altar of Xom.
  3865 | D:4      | Noticed Menkaure
  3874 | D:4      | HP: 2/52 [Menkaure (10)]
  3875 | D:4      | Killed Menkaure
  4313 | D:5      | Entered Level 5 of the Dungeon
  4612 | D:5      | Reached XP level 8. HP: 57/60 MP: 8/8
  4641 | D:5      | You fall into a shaft and drop 3 floors!
  4670 | D:8      | Reached skill level 5 in Unarmed Combat
  5132 | D:8      | Reached skill level 5 in Shapeshifting
  5962 | D:9      | Reached skill level 6 in Unarmed Combat
  5962 | D:9      | Reached skill level 5 in Evocations
  5962 | D:9      | Gained mutation: A weak demonic guardian rushes to your
                  | aid. [demonic ancestry]
  5962 | D:9      | Reached XP level 9. HP: 66/67 MP: 9/9
  5978 | D:9      | Reached skill level 5 in Dodging
  6240 | D:9      | Reached skill level 5 in Fighting
  7267 | D:5      | Noticed Grinder
  7276 | D:5      | Killed Grinder
  7277 | D:5      | Reached skill level 7 in Unarmed Combat
  7566 | D:5      | Found a staircase to the Ecumenical Temple.
  7587 | Temple   | Entered the Ecumenical Temple
  7607 | Temple   | Became a worshipper of Ru the Awakened
  7614 | Temple   | Gained mutation: You cannot be stealthy. [Ru sacrifice]
  7830 | D:5      | Found a basalt altar of Yredelemnul.
  8208 | D:6      | Found Zegenyih's Antique Weapon Boutique.
  8407 | D:6      | Noticed Pikel
  8419 | D:6      | Killed Pikel
  8420 | D:6      | Gained mutation: You have a pair of large horns on your
                  | head. [demonic ancestry]
  8420 | D:6      | Reached XP level 10. HP: 72/76 MP: 10/10
  8507 | D:6      | Found Vype's Assorted Antiques.
  8539 | D:6      | Bought a scroll labelled XAMIMO JISCHIDD for 34 gold pieces
  8539 | D:6      | Bought a lumpy silvery potion for 30 gold pieces
  8665 | D:6      | Found Foekhloet's General Store.
  8673 | D:6      | Bought a scroll of brand weapon for 142 gold pieces
  9607 | D:7      | Identified the ring of Lies {rElec Dex+6}
  9623 | D:7      | Found a hazy altar of Hepliaklqana.
  9780 | D:7      | Found a hide-covered altar of Uskayaw.
 10013 | D:10     | Entered Level 10 of the Dungeon
 10307 | D:10     | Reached skill level 8 in Unarmed Combat
 10561 | D:10     | Found a staircase to the Lair.
 10805 | D:10     | Learned a level 3 spell: Confusing Touch
 10850 | D:10     | Identified the +0 ring mail "Taeprekago" {rElec Regen+
                  | Dex+6 Stlth-}
 10866 | D:10     | Gained mutation: You cannot study or cast Earth magic. [Ru
                  | sacrifice]
 10866 | D:10     | Gained mutation: You cannot study or cast Hexes magic. [Ru
                  | sacrifice]
 10866 | D:10     | Gained mutation: You cannot study or cast Translocations
                  | magic. [Ru sacrifice]
 10866 | D:10     | Reached * piety under Ru
 10866 | D:10     | Reached ** piety under Ru
 11906 | D:11     | Noticed a two-headed ogre
 11914 | D:11     | Killed a two-headed ogre
 12108 | D:11     | Found Unoyfoss's Elemental Accessories.
 12114 | D:11     | Noticed a manticore
 12117 | D:11     | Killed a manticore
 12118 | D:11     | Gained mutation: You are partially covered in icy blue
                  | scales. (AC +2) [demonic ancestry]
 12118 | D:11     | Reached XP level 11. HP: 56/83 MP: 11/11
 12346 | D:11     | Found a staircase to the Orcish Mines.
 12600 | D:11     | Noticed a boulder beetle
 12631 | D:11     | Killed a boulder beetle
 12802 | Lair:1   | Entered Level 1 of the Lair of Beasts
 12802 | Lair:1   | Noticed Nergalle
 12825 | D:10     | Killed Nergalle
 13020 | Lair:1   | Reached skill level 9 in Unarmed Combat
 13216 | Lair:1   | Noticed Maggie
 13234 | Lair:1   | Killed Maggie
 13289 | Lair:1   | Noticed Gastronok
 13374 | Lair:1   | Killed Gastronok
 13969 | Lair:1   | Noticed Amaemon
 14515 | Lair:1   | Slain by Amaemon

Illustrated notes

Levels and vault maps discovered:
D:1:      dpeg_arrival_ratfight, layout_basic
D:2:      layout_loops_ring, chequers_serial_rivers_room_a
D:3:      layout_basic, st_stairs_12, guppyfry_early_orc_mine
D:4:      layout_cave_pods, lemuel_round_altar, mainiacjoe_overflow_chevrons,
          minmay_vboxes, uniq_menkaure
D:5:      layout_layer_cave, kennysheep_ying_yang,
          minmay_temple_entry_sparse_star, minmay_misc_feat_diagonals,
          uniq_grinder
D:6:      layout_basic, serial_shops, nicolae_shop_rolling_square, shop, shop,
          serial_library_regret_index_small_wings, uniq_pikel
D:7:      layout_loops_corners, nzn_hepliaklqana_mist_gate,
          gammafunk_temple_overflow_elements, chequers_serial_rivers_small_b
D:8:      layout_loops_ring, hangedman_decor_lopped
D:9:      layout_loops_corners
D:10:     layout_irregular_city, hellmonk_lair_entry_icy,
          serial_co_window_serial, co_window_paths_a,
          co_window_of_opportunity_a, co_window_paths_a, co_window_paths_b,
          co_window_paths_a, co_window_of_opportunity_a, co_window_broadway_a,
          co_window_unsneaky_path_d, co_window_of_opportunity_b,
          co_window_broadway_b, co_window_4corner_b, glass_columns_b,
          glass_columns_a, glass_columns_b, glass_columns_b, glass_columns_c,
          statue_in_the_mist_lemuel
D:11:     layout_roguey, minmay_orc_entry_guard_dogs, minmay_misc_feat_doors,
          nicolae_elemental_shop, kennysheep_generic_room_5
Temple:   nicolae_temple_bog_church
Lair:1:   layout_misc_corridors, serial_bayou, serial_bayou_lagoon_a,
          serial_bayou_pond_c, serial_bayou_pond_c, serial_bayou_pond_d,
          uniq_gastronok, uniq_amaemon, uniq_maggie, uniq_nergalle

Skill      XL: |  1  2  3  4  5  6  7  8  9 10 11 |
---------------+----------------------------------+-----
Evocations     | 1 2 3 4 5 6 7 |  7.4
Shapeshifting  | 1 2 3 4 5 6 7 8 |  8.5
Dodging        | 3 4 5 6 7 |  7.2
Unarmed Combat | 3 4 6 7 8 9 |  9.4
Fighting       | 4 5 6 7 |  7.5

Action                     |  1- 3 |  4- 6 |  7- 9 | 10-12 || total
---------------------------+-------+-------+-------+-------++-------
  Melee: Unarmed           |   132 |    44 |       |   162 ||   338
         Headbutt          |    15 |    32 |    90 |    82 ||   219
         Spear             |       |    33 |       |       ||    33
         Mace              |       |   111 |   347 |   201 ||   659
 Invoke: Sacrifice Stealth |       |       |     1 |       ||     1
         Sacrifice Arcana  |       |       |       |     1 ||     1
  Evoke: Wand              |       |       |       |    11 ||    11
    Use: Scroll            |     3 |     1 |     8 |     8 ||    20
         Potion            |     1 |     2 |     3 |     1 ||     7
   Stab: Distracted        |     1 |       |       |     1 ||     2
 Armour: Robe              |    67 |     3 |       |       ||    70
         Leather armour    |       |   136 |   375 |   311 ||   822
         Skin              |       |       |       |     3 ||     3
  Dodge: Dodged            |    91 |   173 |   406 |   360 ||  1030
